[Event "Titled Tuesday Blitz November 9 2021"]
[White "Mammadov, Zaur"]
[Black "Khusnutdinov, Rustam"]
[WhiteFideId "13401033"]
[BlackFideId "13701703"]
[WhiteElo "2417"]
[BlackElo "2571"]
[Result "0-1"]
[Round "07"]
[TimeControl "180+1"]
[Date "2021.11.09"]
[WhiteClock "0:00:37"]
[BlackClock "0:01:44"]

1. e4 e6 2. d4 d5 3. e5 c5 4. c3 Nc6 5. Nf3 Bd7 6. Na3 cxd4 7. cxd4 Bxa3 8. bxa3 Nge7 9. Bd3 Na5 10. O-O a6 11. Bd2 Bb5 12. Bxb5+ axb5 13. Rb1 Nc4 14. Rxb5 b6 15. a4 O-O 16. Bb4 Re8 17. Nd2 Nxd2 18. Bxd2 Nc6 19. Bc3 Ra6 20. f4 Ne7 21. Qd3 Rxa4 22. Rfb1 Rxa2 23. Rxb6 Nf5 24. Qh3 Ra3 25. R6b3 Qa8 26. g4 Rxb3 27. Rxb3 Qa4 28. Bb2 Nxd4 29. Bxd4 Qxd4+ 30. Qe3 Qd1+ 31. Kf2 Qxg4 32. Rb7 h6 33. Qg3 Qf5 34. Qe3 Rc8 35. Rb2 Rc2+ 36. Rxc2 Qxc2+ 37. Kg3 Qg6+ 38. Kf2 Qf5 39. Kg3 g5 40. fxg5 hxg5 41. Qc3 Kg7 42. h3 Kg6 43. Qc7 d4 44. Qd6 d3 45. Kg2 Qe4+ 46. Kg3 Qe3+ 47. Kg2 d2 48. Qd8 Qe2+ 49. Kg3 Qxe5+ 0-1


[Site "https://www.chess.com"]

[Event "Titled Tuesday Blitz November 9 2021"]
[White "Manafov, Vugar"]
[Black "Tillyaev, Ulugbek"]
[WhiteFideId "13410814"]
[BlackFideId "14202441"]
[WhiteElo "2277"]
[BlackElo "2341"]
[Result "1-0"]
[Round "07"]
[TimeControl "180+1"]
[Date "2021.11.09"]
[WhiteClock "0:00:55"]
[BlackClock "0:00:05"]

1. d4 Nf6 2. c4 e6 3. Nf3 d5 4. Nc3 dxc4 5. e3 a6 6. Bxc4 c5 7. O-O Be7 8. Qe2 O-O 9. Rd1 cxd4 10. exd4 b5 11. Bd3 Bb7 12. Ne5 Nbd7 13. Bg5 Nb6 14. Rac1 Rc8 15. Bb1 b4 16. Bxf6 Bxf6 17. Ne4 Rxc1 18. Rxc1 Be7 19. Rd1 Qd5 20. f3 Rd8 21. Nf2 Qb5 22. Bd3 Qd5 23. Be4 Qxa2 24. Bxb7 a5 25. Nc6 Rd7 26. Nxe7+ Rxe7 27. Be4 g6 28. Nd3 Nd5 29. Qd2 Rc7 30. Nc5 a4 31. Bxd5 Qxd5 32. Qxb4 e5 33. Qb8+ 1-0


[Site "https://www.chess.com"]

[Event "Titled Tuesday Blitz November 9 2021"]
[White "Nagy, Gabor"]
[Black "Mihok, Oliver"]
[WhiteFideId "737119"]
[BlackFideId "728012"]
[WhiteElo "2534"]
[BlackElo "2376"]
[Result "0-1"]
[Round "07"]
[TimeControl "180+1"]
[Date "2021.11.09"]
[WhiteClock "0:00:02"]
[BlackClock "0:00:03"]

1. c4 g6 2. Nc3 Bg7 3. g3 c5 4. Bg2 Nc6 5. Nf3 e5 6. a3 Nge7 7. Rb1 a5 8. d3 O-O 9. Nd2 d6 10. Nf1 f5 11. Ne3 f4 12. Ned5 Nxd5 13. Nxd5 Nd4 14. gxf4 Bg4 15. f3 Qh4+ 16. Kf1 Be6 17. Be3 Bxd5 18. Bf2 Qe7 19. cxd5 exf4 20. Qd2 Qe5 21. h4 Rae8 22. h5 Qxd5 23. Bxd4 Bxd4 24. hxg6 hxg6 25. Qxa5 Qg5 26. Qe1 Re5 27. Qh4 Qxh4 28. Rxh4 g5 29. Rh5 Kg7 30. b4 Kg6 31. Rh2 b6 32. bxc5 Bxc5 33. Bh3 Ra8 34. Rd1 Bd4 35. Bd7 Rxa3 36. Bc6 d5 37. Rb1 Ra2 38. Rg2 Ra1 39. Rxa1 Bxa1 40. Rh2 Bd4 41. Bb5 Re7 42. Bc6 Rc7 43. Bxd5 Rc1+ 44. Kg2 Rg1+ 45. Kh3 Rg3# 0-1


[Site "https://www.chess.com"]

[Event "Titled Tuesday Blitz November 9 2021"]
[White "Nakamura, Hikaru"]
[Black "Lazavik, Denis"]
[WhiteFideId "2016192"]
[BlackFideId "13515110"]
[WhiteElo "2884"]
[BlackElo "2436"]
[Result "1/2-1/2"]
[Round "07"]
[TimeControl "180+1"]
[Date "2021.11.09"]
[WhiteClock "0:00:15"]
[BlackClock "0:00:13"]

1. e4 e5 2. Nf3 Nc6 3. Bb5 Nf6 4. d3 Bc5 5. Bxc6 dxc6 6. Nbd2 Nd7 7. c3 Qe7 8. O-O O-O 9. Re1 Bd6 10. Nc4 Nb6 11. Ne3 c5 12. Nf5 Bxf5 13. exf5 f6 14. Nd2 Qf7 15. c4 Nc8 16. Re3 Rd8 17. Ne4 Bf8 18. Qf3 Nd6 19. Nc3 Re8 20. Re2 e4 21. Nxe4 Nxe4 22. dxe4 Qxc4 23. b3 Qf7 24. Bf4 Rad8 25. Qc3 Bd6 26. Bxd6 cxd6 27. Rd1 d5 28. Qxc5 dxe4 29. Rxd8 Rxd8 30. g4 b6 31. Qc6 h5 32. h3 hxg4 33. hxg4 Rd4 34. Rxe4 Rxe4 35. Qxe4 Kh7 36. Qh1+ Kg8 37. Qa8+ Kh7 38. Qd8 Qb7 39. Qd3 Qc7 40. Kg2 Qe5 41. Qe3 Qd5+ 42. Qf3 Qd2 43. a4 Qd4 44. Kg3 Qd6+ 45. Kg2 Qd4 46. Qh3+ Kg8 47. Qg3 Kh7 48. Kh3 Qd5 49. Qe3 Qh1+ 50. Kg3 Qd5 51. Kf4 Qd6+ 52. Ke4 Qc6+ 53. Kd3 Qd5+ 54. Kc3 Qc6+ 55. Kb2 Qd5 56. Qh3+ Kg8 57. Qe3 Kh7 58. Kc3 Qc6+ 59. Kd3 Qd5+ 60. Kc2 Qc6+ 61. Kb1 Qh1+ 62. Kb2 Qd5 1/2-1/2


[Site "https://www.chess.com"]

[Event "Titled Tuesday Blitz November 9 2021"]
[White "Nozdrachev, Leonid"]
[Black "Wagner, Dennis"]
[WhiteFideId "24113433"]
[BlackFideId "24650684"]
[WhiteElo "2124"]
[BlackElo "2355"]
[Result "1-0"]
[Round "07"]
[TimeControl "180+1"]
[Date "2021.11.09"]
[WhiteClock "0:00:50"]
[BlackClock "0:00:21"]

1. e4 c5 2. c3 d5 3. exd5 Qxd5 4. d4 Nf6 5. Nf3 e6 6. Bd3 cxd4 7. cxd4 Nc6 8. Nc3 Bb4 9. O-O Qa5 10. Bg5 Bxc3 11. bxc3 Qxc3 12. Rc1 Qa5 13. Bxf6 gxf6 14. Re1 Bd7 15. Rc5 Qa3 16. Rf5 O-O-O 17. Rxf6 Qxa2 18. Rxf7 e5 19. Rxd7 Rxd7 20. Bf5 exd4 21. Bxd7+ Kxd7 22. Nxd4 Kc7 23. Nxc6 bxc6 24. Re7+ Kb6 25. Qd4+ c5 26. Qd6+ Kb5 27. Rb7+ Kc4 28. Qe6+ Kc3 29. Qxa2 Rd8 30. Rb3+ Kc4 31. Rb8+ 1-0


[Site "https://www.chess.com"]

[Event "Titled Tuesday Blitz November 9 2021"]
[White "Petesch, Gabriel"]
[Black "Rustemov, Alexander"]
[WhiteFideId "2032465"]
[BlackFideId "4119002"]
[WhiteElo "2374"]
[BlackElo "2780"]
[Result "0-1"]
[Round "07"]
[TimeControl "180+1"]
[Date "2021.11.09"]
[WhiteClock "0:00:05"]
[BlackClock "0:00:09"]

1. Nf3 d5 2. g3 Nf6 3. Bg2 c6 4. O-O Bf5 5. c4 e6 6. cxd5 cxd5 7. d3 Nc6 8. Qa4 Qd7 9. Nc3 Be7 10. Bf4 O-O 11. Rfc1 Rfc8 12. Qd1 h6 13. Na4 Qd8 14. Qb3 Na5 15. Qd1 Nd7 16. Nd4 Bg6 17. Nb5 Nc6 18. Nd6 Bxd6 19. Bxd6 Nb6 20. Bc5 Nxa4 21. Qxa4 Qa5 22. Qb3 b6 23. Be3 Qa6 24. a4 Na5 25. Qb5 Qxb5 26. axb5 Rxc1+ 27. Rxc1 Nb7 28. Ra1 Nd6 29. Bxb6 Nxb5 30. Bc5 a6 31. b4 f6 32. e4 dxe4 33. dxe4 e5 34. Rd1 Nc3 35. Re1 Rd8 36. f4 Rd2 37. fxe5 fxe5 38. Bf3 Rc2 39. Bg2 Kh7 40. Bf3 Nb5 41. h4 Nd4 42. Bxd4 exd4 43. h5 Bf7 44. e5 Rb2 45. e6 Be8 46. Be4+ Kg8 47. Bg6 Bxg6 48. hxg6 Kf8 49. Rd1 Rxb4 50. Rf1+ Ke8 51. Rf7 Rb6 52. e7 Rxg6 53. Rxg7 Rxg7 0-1


[Site "https://www.chess.com"]

[Event "Titled Tuesday Blitz November 9 2021"]
[White "Pichot, Alan"]
[Black "Palchuk, Andrii"]
[WhiteFideId "110973"]
[BlackFideId "14176688"]
[WhiteElo "2600"]
[BlackElo "2326"]
[Result "1-0"]
[Round "07"]
[TimeControl "180+1"]
[Date "2021.11.09"]
[WhiteClock "0:00:18"]
[BlackClock "0:00:04"]

1. e4 e5 2. Nf3 Nc6 3. d4 exd4 4. Nxd4 Bc5 5. Nb3 Bb6 6. Nc3 Nge7 7. Bf4 d6 8. Qd2 Be6 9. h4 Qd7 10. h5 O-O-O 11. h6 g6 12. O-O-O f6 13. f3 Kb8 14. Kb1 Ne5 15. Bb5 c6 16. Be2 Rhe8 17. Be3 Qc7 18. f4 Bxb3 19. axb3 Bxe3 20. Qxe3 Nd7 21. Qd4 Nc8 22. g3 Re7 23. Bg4 Qb6 24. Rd2 Qxd4 25. Rxd4 Kc7 26. Rhd1 Rf8 27. Bxd7 Rxd7 28. g4 Re8 29. b4 a6 30. b3 Rf7 31. R1d2 g5 32. Ne2 gxf4 33. Nxf4 Re5 34. Nh5 Kd7 35. Rf2 Ke7 36. Rf4 Nb6 37. Ng7 d5 38. Nf5+ Ke6 39. Kb2 Rd7 40. exd5+ Nxd5 41. Rfe4 Rxe4 42. Rxe4+ Kf7 43. Rd4 Ke6 44. c3 Nc7 45. Re4+ Kf7 46. Kc2 Ne6 47. Re2 Nf4 48. Rf2 Nh3 49. Rf1 Ng5 50. Ng7 Ne4 51. Rf4 Rd2+ 52. Kc1 Re2 53. Rf3 Kg6 54. Nh5 Kg5 55. Kd1 Rf2 56. Re3 f5 57. gxf5 Nd6 58. Ng7 Kxh6 59. Re7 Nxf5 60. Nxf5+ Rxf5 61. Rxb7 a5 62. Rb6 axb4 63. cxb4 Rb5 64. Rxc6+ Kg5 65. Rc4 h5 66. Rc5+ Rxc5 67. bxc5 Kg4 68. c6 h4 69. c7 h3 70. c8=Q+ 1-0


[Site "https://www.chess.com"]

[Event "Titled Tuesday Blitz November 9 2021"]
[White "Piesik, Piotr"]
[Black "Moroni, Luca Jr"]
[WhiteFideId "1136194"]
[BlackFideId "865834"]
[WhiteElo "2336"]
[BlackElo "2491"]
[Result "1-0"]
[Round "07"]
[TimeControl "180+1"]
[Date "2021.11.09"]
[WhiteClock "0:00:48"]
[BlackClock "0:00:04"]

1. Nf3 g6 2. g3 Bg7 3. d4 d6 4. Bg2 Bd7 5. O-O Qc8 6. e4 Bh3 7. c3 Nc6 8. Qb3 Bxg2 9. Kxg2 e6 10. d5 Nd8 11. Bg5 e5 12. c4 f6 13. Be3 Nf7 14. c5 f5 15. Qa4+ Kf8 16. Nc3 Nf6 17. cxd6 cxd6 18. Rac1 Qd8 19. Ng5 Nxg5 20. Bxg5 f4 21. f3 h6 22. Bxf6 Bxf6 23. g4 h5 24. h3 a6 25. Ne2 Kg7 26. Rc3 Rc8 27. Rfc1 Rxc3 28. Rxc3 hxg4 29. hxg4 Bh4 30. Qc2 Bg3 31. Rc7+ Kf6 32. Nxg3 fxg3 33. Kxg3 Qf8 34. Rd7 Kg5 35. Qc1+ Qf4+ 36. Qxf4+ exf4+ 37. Kg2 Rc8 38. Rxd6 Rc2+ 39. Kf1 Rxb2 40. e5 Rxa2 41. e6 Kf6 42. Rd7 Ra3 43. Rf7+ Kg5 44. e7 Rxf3+ 45. Kg2 Re3 46. d6 Kxg4 47. d7 Re2+ 48. Kf1 Ra2 49. e8=Q Kg3 50. Qe1+ Kf3 51. Qd1+ Kg3 52. Qb3+ 1-0


[Site "https://www.chess.com"]

[Event "Titled Tuesday Blitz November 9 2021"]
[White "Preotu, Razvan"]
[Black "Zubov, Alexander"]
[WhiteFideId "2613280"]
[BlackFideId "14109409"]
[WhiteElo "2407"]
[BlackElo "2685"]
[Result "1-0"]
[Round "07"]
[TimeControl "180+1"]
[Date "2021.11.09"]
[WhiteClock "0:00:04"]
[BlackClock "0:00:02"]

1. e4 c5 2. Nf3 e6 3. c3 Nf6 4. e5 Nd5 5. d4 cxd4 6. cxd4 d6 7. Bc4 Nc6 8. O-O Be7 9. Qe2 O-O 10. Nc3 Nxc3 11. bxc3 dxe5 12. dxe5 Qa5 13. Bd2 Rd8 14. Bd3 Qa4 15. h3 Bd7 16. Ng5 h6 17. Bh7+ Kh8 18. Nxf7+ Kxh7 19. Qd3+ g6 20. Qe3 Bf8 21. Nxh6 Bg7 22. Ng4 Be8 23. Qg5 Rxd2 24. Qxd2 Qe4 25. Rfe1 Qf5 26. Qd6 Rd8 27. Qc7 Rd7 28. Qc8 Qf7 29. Rad1 Rc7 30. Qa8 Bd7 31. Rd6 Qe7 32. Red1 Nxe5 33. Nxe5 Bxe5 34. R6d3 b6 35. Qe4 Bf6 36. Qf4 e5 37. Qe3 Be6 38. Rd6 Bxa2 39. g3 Kg7 40. h4 Bf7 41. Qe4 b5 42. Qg4 Rc4 43. Qh3 Rc7 44. Rd7 Rxd7 45. Rxd7 Qe8 46. Rxa7 e4 47. Qg4 Qf8 48. h5 Qe8 49. Qxg6+ Kf8 50. Qxf6 1-0


[Site "https://www.chess.com"]

[Event "Titled Tuesday Blitz November 9 2021"]
[White "Rozman, Levy"]
[Black "Svane, Rasmus"]
[WhiteFideId "2039877"]
[BlackFideId "4657101"]
[WhiteElo "2376"]
[BlackElo "2643"]
[Result "1/2-1/2"]
[Round "07"]
[TimeControl "180+1"]
[Date "2021.11.09"]
[WhiteClock "0:00:03"]
[BlackClock "0:00:12"]

1. d4 d5 2. c4 e6 3. Nf3 a6 4. cxd5 exd5 5. Nc3 Nf6 6. Bg5 Be6 7. e3 Nbd7 8. Bd3 Bd6 9. O-O c6 10. Rc1 Qc7 11. Ne2 Bg4 12. Bf4 Bxf3 13. gxf3 O-O 14. Kh1 Bxf4 15. Nxf4 Qd6 16. Rg1 Rac8 17. Qb3 b5 18. Bf5 Rc7 19. Nd3 c5 20. dxc5 Qe7 21. Bxd7 Qxd7 22. Nf4 Rfc8 23. Qb4 Qe7 24. Qd4 Rxc5 25. Rxc5 Rxc5 26. b4 Rc6 27. Nxd5 Qd6 28. Nxf6+ Qxf6 29. Qxf6 Rxf6 30. Rc1 g6 31. Kg2 Rd6 32. Rc8+ Kg7 33. Ra8 g5 34. Kg3 Rc6 35. f4 gxf4+ 36. Kxf4 Rc4+ 37. e4 Rxb4 38. Rxa6 Rb2 39. Kg3 b4 40. Rb6 Rxa2 41. Rxb4 Ra3+ 42. f3 Ra2 43. h4 Ra1 44. Rb5 Rg1+ 45. Kh2 Rf1 46. Kg2 Rd1 47. Rg5+ Kf6 48. Kg3 h6 49. Rf5+ Kg6 50. h5+ Kg7 51. Kf4 Rh1 52. Ke3 Ra1 53. Kf4 Rh1 54. Kg4 Rg1+ 55. Kf4 Ra1 56. Ke3 Ra3+ 57. Kd4 Ra1 58. f4 Ra4+ 59. Ke3 Ra3+ 60. Ke2 Ra2+ 61. Kf3 Ra3+ 62. Kg4 Ra1 63. Rb5 Rg1+ 64. Kf3 Rf1+ 65. Kg3 Rg1+ 66. Kf2 Rh1 67. Kg2 Rh4 68. Kg3 Rh1 69. Rd5 Rg1+ 70. Kf2 Rh1 71. Kg2 Rh4 72. Kg3 Rh1 73. Kg2 Re1 74. Kf3 Rf1+ 75. Kg4 Rg1+ 76. Kh3 Rh1+ 77. Kg2 1/2-1/2


[Site "https://www.chess.com"]

[Event "Titled Tuesday Blitz November 9 2021"]
[White "Sorensen, Hampus"]
[Black "Hakobyan, Aram"]
[WhiteFideId "8703884"]
[BlackFideId "13306677"]
[WhiteElo "2213"]
[BlackElo "2557"]
[Result "0-1"]
[Round "07"]
[TimeControl "180+1"]
[Date "2021.11.09"]
[WhiteClock "0:00:12"]
[BlackClock "0:01:36"]

1. d4 e6 2. c4 f5 3. Nf3 Nf6 4. g3 Be7 5. Bg2 d5 6. O-O Ne4 7. b3 Nc6 8. e3 h5 9. Ba3 Bf6 10. Nbd2 h4 11. Nxe4 dxe4 12. Nd2 hxg3 13. fxg3 Bg5 14. Re1 Nxd4 15. Nxe4 Nc6 16. Qxd8+ Bxd8 17. Nd2 Bd7 18. Rad1 Bf6 19. e4 O-O-O 20. exf5 exf5 21. Nf3 Rhe8 22. Rxe8 Rxe8 23. Kf2 g5 24. h4 g4 25. Ng5 Bd4+ 26. Kf1 Be5 27. Rd3 f4 28. gxf4 Bxf4 29. Bb2 Bf5 30. Rd5 Bb1 31. a3 Bg3 32. Bc3 Bxh4 33. Nh7 Bxh7 34. Rh5 Bd3+ 0-1


[Site "https://www.chess.com"]

[Event "Titled Tuesday Blitz November 9 2021"]
[White "Suarez Garcia, Carlos"]
[Black "Tari, Aryan"]
[WhiteFideId "22230858"]
[BlackFideId "1510045"]
[WhiteElo "2487"]
[BlackElo "2656"]
[Result "0-1"]
[Round "07"]
[TimeControl "180+1"]
[Date "2021.11.09"]
[WhiteClock "0:00:20"]
[BlackClock "0:00:41"]

1. Nf3 c5 2. b3 d6 3. d4 cxd4 4. Nxd4 e5 5. Nf3 Nc6 6. c4 e4 7. Nd4 Qf6 8. Bb2 d5 9. e3 Bb4+ 10. Bc3 Nge7 11. Be2 O-O 12. Bxb4 Nxb4 13. a3 Nbc6 14. O-O dxc4 15. Bxc4 Rd8 16. Nc3 Nxd4 17. exd4 Rxd4 18. Qe2 Bf5 19. Rad1 Rad8 20. Rxd4 Rxd4 21. Nb5 Rd8 22. Nxa7 Ng6 23. Qe3 Ne5 24. Be2 Nd3 25. Nb5 Qe5 26. a4 Be6 27. Rd1 Bxb3 28. Rf1 Bxa4 29. Na3 h6 30. g3 Bc6 31. Nc4 Qd4 32. Qxd4 Rxd4 33. Na5 Ne5 34. Rb1 Rd2 35. Bf1 e3 36. Nxc6 Nf3+ 37. Kg2 Rxf2+ 38. Kh3 bxc6 39. Bd3 Rxh2+ 40. Kg4 Ne5+ 0-1


[Site "https://www.chess.com"]

[Event "Titled Tuesday Blitz November 9 2021"]
[White "Svane, Frederik"]
[Black "Madaminov, Mukhiddin"]
[WhiteFideId "12923044"]
[BlackFideId "14210703"]
[WhiteElo "2459"]
[BlackElo "1855"]
[Result "1-0"]
[Round "07"]
[TimeControl "180+1"]
[Date "2021.11.09"]
[WhiteClock "0:00:05"]
[BlackClock "0:00:02"]

1. e4 e5 2. Nf3 Nc6 3. Nc3 Nf6 4. Bb5 Bb4 5. O-O O-O 6. d3 d6 7. Ne2 Ne7 8. Ng3 Ng6 9. c3 Ba5 10. Ba4 c6 11. d4 Bc7 12. Be3 Re8 13. Bc2 Be6 14. Re1 a5 15. h3 a4 16. Bxa4 Nf4 17. Bb3 Qc8 18. Bxe6 Qxe6 19. a4 Qc4 20. Nd2 Qd3 21. Qb1 Qxb1 22. Rexb1 Nd3 23. dxe5 Rxe5 24. Nc4 Re6 25. Rd1 Nc5 26. e5 Nd5 27. exd6 Nxe3 28. dxc7 Nxc4 29. Nf5 Kf8 30. b3 Ne5 31. Rd8+ Re8 32. Rxa8 Rxa8 33. Nd6 Nxb3 34. Re1 Nd3 35. Re8+ Rxe8 36. Nxe8 Kxe8 37. c8=Q+ Ke7 38. Qxb7+ Kd6 39. Qxb3 1-0


[Site "https://www.chess.com"]

[Event "Titled Tuesday Blitz November 9 2021"]
[White "Talcrifice"]
[Black "Afanasiev, Nikita"]
[BlackFideId "24183555"]
[WhiteElo "2649"]
[BlackElo "2577"]
[Result "1/2-1/2"]
[Round "07"]
[TimeControl "180+1"]
[Date "2021.11.09"]
[WhiteClock "0:00:19"]
[BlackClock "0:00:19"]

1. d4 Nf6 2. c4 g6 3. Nc3 d5 4. Nf3 Bg7 5. Qb3 dxc4 6. Qxc4 O-O 7. e4 Nc6 8. Be2 e5 9. d5 Nd4 10. Nxd4 exd4 11. Qxd4 Re8 12. Qc4 b5 13. Qxb5 Nxe4 14. Nxe4 Rxe4 15. O-O Bd7 16. Qd3 Bf5 17. Qd1 Rd4 18. Qb3 Rb8 19. Qg3 Rxd5 20. Bc4 Rd4 21. Bb3 Rd3 22. Qf4 Rd4 23. Qg3 Rg4 24. Qf3 h5 25. h3 Re4 26. Bc2 Re5 27. Bxf5 Rxf5 28. Qc6 Rb6 29. Qc2 c5 30. Rb1 Bd4 31. b3 Rbf6 32. Be3 Qd5 33. Bxd4 cxd4 34. Rbd1 Qd7 35. Qd3 Rd6 36. Rfe1 a5 37. Re4 Rfd5 38. Qe2 Kg7 39. Re7 Qf5 40. Rd3 Qf6 41. g3 h4 42. g4 Rc5 43. Rf3 d3 44. Rxf6 dxe2 45. Rxd6 Rc1+ 46. Kg2 e1=Q 47. Rxe1 Rxe1 48. Rd5 a4 49. bxa4 Re2 50. a5 Rxa2 51. g5 Ra3 52. Rb5 Kh7 53. Rb7 Rxa5 54. Rxf7+ Kg8 55. Rf4 Rxg5+ 56. Kf3 Rh5 57. Kg4 Kg7 58. Ra4 Rh8 59. f4 Rh5 60. Ra7+ Kf6 61. Ra6+ Kf7 62. Ra7+ Kf6 63. Ra6+ Kf7 64. Ra7+ Kf6 1/2-1/2


[Site "https://www.chess.com"]

[Event "Titled Tuesday Blitz November 9 2021"]
[White "Xiong, Jeffery"]
[Black "Adly, Ahmed"]
[WhiteFideId "2047640"]
[BlackFideId "10601619"]
[WhiteElo "2699"]
[BlackElo "2683"]
[Result "1-0"]
[Round "07"]
[TimeControl "180+1"]
[Date "2021.11.09"]
[WhiteClock "0:00:01"]
[BlackClock "0:00:04"]

1. d4 Nf6 2. Nf3 e6 3. Bf4 b6 4. e3 Bb7 5. Bd3 d6 6. h4 Nbd7 7. Nc3 a5 8. Qe2 g6 9. e4 Bg7 10. O-O-O a4 11. a3 d5 12. e5 Ng8 13. h5 Ne7 14. hxg6 hxg6 15. Rxh8+ Bxh8 16. Rh1 Bg7 17. Rh7 Kf8 18. Ng5 Kg8 19. Qf3 Nf8 20. Nxf7 Qe8 21. Rxg7+ Kxg7 22. Bh6+ Kg8 23. Ng5 Nf5 24. Bxf5 gxf5 25. Bxf8 Kxf8 26. Qh3 Qg6 27. Qh4 Ke8 28. Ne2 Kd7 29. Nf4 Qg8 30. Qh6 Re8 31. Nh5 Kc8 32. Nf6 Qh8 33. Qxh8 Rxh8 34. Nxe6 Rh1+ 35. Kd2 Rb1 36. Ng7 Rxb2 37. e6 Ra2 38. Nxf5 Rxa3 39. g4 Ra1 40. g5 Rg1 41. Ng3 a3 42. g6 a2 43. g7 Bc6 44. g8=Q+ Kb7 45. Nd7 a1=Q 46. Qb8+ Ka6 47. Ne2 Rd1+ 48. Ke3 Qa3+ 49. c3 Qd6 50. Nf8 Qe7 51. Nf4 Re1+ 52. Kd2 Re4 53. Nd3 Qg5+ 54. Kc2 Re2+ 55. Kb3 Qd2 56. Nd7 1-0


[Site "https://www.chess.com"]

[Event "Titled Tuesday Blitz November 9 2021"]
[White "Yeletsky, Ivan"]
[Black "Ibrahimli, Murad"]
[WhiteFideId "24180327"]
[BlackFideId "13410229"]
[WhiteElo "2352"]
[BlackElo "2109"]
[Result "0-1"]
[Round "07"]
[TimeControl "180+1"]
[Date "2021.11.09"]
[WhiteClock "0:00:02"]
[BlackClock "0:00:47"]

1. e4 c5 2. Nf3 a6 3. c3 d5 4. exd5 Qxd5 5. d4 Nf6 6. Be3 cxd4 7. cxd4 e6 8. Nc3 Qd6 9. Be2 Be7 10. O-O O-O 11. Ne5 Nc6 12. Nc4 Qd8 13. Bf3 Nd5 14. Rc1 Ncb4 15. Bd2 b5 16. Ne5 Bb7 17. a3 Nxc3 18. Rxc3 Bxf3 19. Rxf3 Nd5 20. Re1 Bf6 21. Rg3 g6 22. Bh6 Bg7 23. Bxg7 Kxg7 24. Qd2 Qh4 25. Rg4 Qh6 26. Qe2 Rac8 27. Nd7 Rfd8 28. Qe5+ Kg8 29. Nc5 Rc6 30. h4 Qg7 31. Qe2 Ne7 32. h5 Nf5 33. hxg6 hxg6 34. Nb3 Nxd4 35. Nxd4 Rxd4 36. Qf3 Rxg4 37. Qxc6 Qxb2 38. Qxa6 Qd2 39. Rf1 Qd5 40. g3 Qc5 41. Kg2 Qd5+ 42. Kh2 Rg5 43. f3 Qe5 44. f4 Qe2+ 0-1


[Site "https://www.chess.com"]

[Event "Titled Tuesday Blitz November 9 2021"]
[White "Zhigalko, Sergei"]
[Black "Yaksin, Oleg"]
[WhiteFideId "13502956"]
[BlackFideId "24105880"]
[WhiteElo "2662"]
[BlackElo "2256"]
[Result "1-0"]
[Round "07"]
[TimeControl "180+1"]
[Date "2021.11.09"]
[WhiteClock "0:00:17"]
[BlackClock "0:00:27"]

1. e4 c5 2. Nf3 d6 3. d4 cxd4 4. Qxd4 a6 5. Bc4 Nc6 6. Qd3 h6 7. Nc3 Nf6 8. Bf4 e5 9. Bg3 b5 10. Bb3 Be6 11. Rd1 Be7 12. O-O O-O 13. Bh4 Ne8 14. Bxe7 Qxe7 15. Nd5 Qd8 16. Rd2 Kh8 17. a4 Rb8 18. axb5 axb5 19. Ne3 Qf6 20. Ra1 g5 21. Bd5 Nb4 22. Qa3 Nxd5 23. Nxd5 Qg6 24. Re1 f5 25. Nxe5 Qf6 26. Nxf6 1-0


[Site "https://www.chess.com"]

[Event "Titled Tuesday Blitz November 9 2021"]
[White "Zierk, Steven"]
[Black "Gelman, Alexander"]
[WhiteFideId "2034255"]
[BlackFideId "4118316"]
[WhiteElo "2494"]
[BlackElo "2375"]
[Result "1-0"]
[Round "07"]
[TimeControl "180+1"]
[Date "2021.11.09"]
[WhiteClock "0:01:33"]
[BlackClock "0:00:23"]

1. e4 c5 2. Nf3 e6 3. d4 cxd4 4. Nxd4 a6 5. Nc3 d6 6. f4 Nf6 7. Be2 Nbd7 8. Be3 b5 9. Bf3 b4 10. e5 bxc3 11. Bxa8 cxb2 12. Rb1 dxe5 13. Nc6 Qc7 14. fxe5 Nd5 15. Bd4 N7b6 16. c4 Nxc4 17. Na7 Bb4+ 18. Kf2 Nc3 19. Bc6+ Ke7 20. Qb3 a5 21. Qxc4 Nxb1 22. Bc5+ Bxc5+ 23. Qxc5+ Kd8 24. Rd1+ 1-0


[Site "https://www.chess.com"]

[Event "Titled Tuesday Blitz November 9 2021"]
[White "Adly, Ahmed"]
[Black "Leitao, Rafael"]
[WhiteFideId "10601619"]
[BlackFideId "2101246"]
[WhiteElo "2683"]
[BlackElo "2609"]
[Result "1-0"]
[Round "08"]
[TimeControl "180+1"]
[Date "2021.11.09"]
[WhiteClock "0:00:37"]
[BlackClock "0:00:03"]

1. Nf3 Nf6 2. g3 d5 3. Bg2 e6 4. O-O Be7 5. d3 O-O 6. Nbd2 Nc6 7. c4 d4 8. a3 a5 9. Ne1 e5 10. Nc2 Bf5 11. b3 Qd7 12. Rb1 Rab8 13. b4 axb4 14. Nxb4 Nxb4 15. axb4 b5 16. Qc2 c6 17. Nf3 e4 18. Ne5 Qe6 19. dxe4 Bxe4 20. Bxe4 Qxe5 21. Bxc6 Rbc8 22. cxb5 Qh5 23. Qd3 Ng4 24. h4 Bxh4 25. gxh4 Ne5 26. Bf3 Qxh4 27. Qe4 Qf6 28. Bf4 Rce8 29. Bg3 h5 30. Bxh5 Qg5 31. Bf3 f5 32. Qf4 Qf6 33. Bd5+ Nf7 34. Bh4 Qg6+ 35. Kh1 Qh5 36. Rg1 Kh7 37. Bf3 Re4 38. Qxe4 1-0


[Site "https://www.chess.com"]

[Event "Titled Tuesday Blitz November 9 2021"]
[White "Afanasiev, Nikita"]
[Black "Ghazarian, Kirk"]
[WhiteFideId "24183555"]
[BlackFideId "30908604"]
[WhiteElo "2577"]
[BlackElo "2003"]
[Result "1-0"]
[Round "08"]
[TimeControl "180+1"]
[Date "2021.11.09"]
[WhiteClock "0:00:48"]
[BlackClock "0:00:03"]

1. e4 c5 2. Nf3 e6 3. d4 cxd4 4. Nxd4 Nc6 5. Nc3 Qc7 6. a3 a6 7. f4 b5 8. Be3 Bb7 9. Nxc6 Qxc6 10. Qd4 Rc8 11. Bd3 Nf6 12. h3 Bc5 13. Qxc5 Qxc5 14. Bxc5 Rxc5 15. Kd2 d6 16. Rhe1 Ke7 17. b4 Rc7 18. a4 Rhc8 19. Ra3 bxa4 20. Nxa4 d5 21. e5 Nd7 22. g3 g6 23. Ke3 h6 24. Kd4 Rc4+ 25. Bxc4 Rxc4+ 26. Kd3 Rxb4 27. Nc3 Nc5+ 28. Kd2 Rd4+ 29. Kc1 Rc4 30. Nd1 Bc6 31. Nb2 Rb4 32. Rc3 Rb5 33. Na4 Nxa4 34. Rxc6 Nb6 35. Rc7+ Kf8 36. Re3 Ra5 37. Rb3 Nc4 38. Rb8+ Kg7 39. Kb1 Rb5+ 40. Rxb5 axb5 41. Kc1 g5 42. Kd1 gxf4 43. gxf4 Ne3+ 44. Ke2 Nf5 45. Kd3 Nh4 46. Ke3 Nf5+ 47. Kf3 Kg6 48. c3 Nh4+ 49. Kg4 Ng2 50. Rb7 Ne3+ 51. Kf3 Nd1 52. Rc7 Nb2 53. Rc8 Na4 54. Ke3 Nb2 55. Kd4 Nc4 56. Rg8+ Kf5 57. Rg7 f6 58. Rf7 Kxf4 59. Rxf6+ Kg5 60. Rxe6 1-0


[Site "https://www.chess.com"]

[Event "Titled Tuesday Blitz November 9 2021"]
[White "Aldokhin, Ivan"]
[Black "Mammadov, Zaur"]
[WhiteFideId "24115720"]
[BlackFideId "13401033"]
[WhiteElo "2231"]
[BlackElo "2417"]
[Result "0-1"]
[Round "08"]
[TimeControl "180+1"]
[Date "2021.11.09"]
[WhiteClock "0:00:04"]
[BlackClock "0:02:01"]

1. e4 e6 2. d4 d5 3. Nd2 Be7 4. Bd3 c5 5. exd5 exd5 6. dxc5 Nf6 7. Ngf3 O-O 8. Nb3 a5 9. a4 Na6 10. Be3 Bg4 11. h3 Bh5 12. g4 Bg6 13. Ne5 Bxd3 14. Qxd3 Ne4 15. O-O-O Nb4 16. Qb5 Na2+ 17. Kb1 Nac3+ 18. bxc3 Nxc3+ 19. Kb2 Nxb5 20. axb5 a4 21. Nd4 Bxc5 22. Ne6 a3+ 23. Ka2 fxe6 24. Bxc5 Rf4 25. c4 Qc7 26. Nd3 Rxc4 27. Rc1 b6 28. Bd4 Rc2+ 29. Ka1 Qc4 30. Rxc2 Qxc2 31. Ne5 Ra4 32. Nc6 Rxd4 0-1


[Site "https://www.chess.com"]

[Event "Titled Tuesday Blitz November 9 2021"]
[White "Barbosa, Evandro Amorim"]
[Black "Yeletsky, Ivan"]
[WhiteFideId "2115824"]
[BlackFideId "24180327"]
[WhiteElo "2454"]
[BlackElo "2352"]
[Result "0-1"]
[Round "08"]
[TimeControl "180+1"]
[Date "2021.11.09"]
[WhiteClock "0:00:03"]
[BlackClock "0:00:09"]

1. e4 d6 2. d4 Nf6 3. Nc3 g6 4. f4 Bg7 5. Nf3 c5 6. dxc5 Qa5 7. Qd4 O-O 8. Bd2 Nc6 9. Qc4 Be6 10. Qb5 Qc7 11. cxd6 exd6 12. O-O-O Rac8 13. Kb1 a6 14. Qe2 Nb4 15. a3 Nxc2 16. Kxc2 Qb6 17. Kb1 Ng4 18. Rc1 Qb3 19. Be1 Rxc3 20. Bxc3 Rc8 21. Qd1 Qa2+ 22. Kc2 Rxc3+ 23. Kd2 Ne3 0-1


[Site "https://www.chess.com"]